 Dungeon Crawl Stone Soup version 0.28.0-45-g0d030f2227 (webtiles) character file.

Game seed: 3685062360102705918

49 NinjaNoafa the Magician (level 3, 0/25 HPs)
             Began as a Gnoll Hedge Wizard on Apr 7, 2022.
             Slain by a black bear (1 damage)
             ... on level 3 of the Dungeon.
             The game lasted 00:04:13 (2551 turns).

NinjaNoafa the Magician (Gnoll Hedge Wizard)        Turns: 2551, Time: 00:04:14

Health: 0/25       AC:  2    Str:  6 (9)  XL:     3   Next: 75%
Magic:  11/11      EV: 13    Int: 12 (15) God:
Gold:   78         SH:  0    Dex:  9 (11) Spells: 15/16 levels left

rFire   . . .      SeeInvis .   a - +1 dagger
rCold   . . .      Faith    .   (no shield)
rNeg    . . .      Spirit   .   b - +0 robe
rPois   .          Reflect  .   c - +0 hat
rElec   .          Harm     .   (no cloak)
rCorr   .          Rampage  .   (no gloves)
Will    .....                   (no boots)
Stlth   ++........              (no amulet)
HPRegen 0.08/turn               (no ring)
MPRegen 0.12/turn               (no ring)

@: no status effects
A: fangs 1, strong nose, distributed training
a: no special abilities


You were on level 3 of the Dungeon.
You visited 1 branch of the dungeon, and saw 3 of its levels.

You collected 78 gold pieces.

Inventory:

Hand Weapons
 a - a +1 dagger (weapon)
 l - a +0 short sword
Missiles
 e - 44 stones
 g - 3 boomerangs (quivered)
 k - 19 sling bullets
Armour
 b - a +0 robe (worn)
 c - a +0 hat (worn)
Scrolls
 d - a scroll of enchant weapon
 f - a scroll of vulnerability {unknown}
 h - 2 scrolls of identify {unknown}


   Skills:
 + Level 0.9 Fighting
 + Level 0.9 Short Blades
 + Level 0.9 Long Blades
 + Level 0.9 Axes
 + Level 0.9 Maces & Flails
 + Level 0.9 Polearms
 + Level 0.9 Staves
 + Level 0.9 Slings
 + Level 0.9 Bows
 + Level 0.9 Crossbows
 + Level 0.9 Throwing
 + Level 0.9 Armour
 + Level 4.5 Dodging
 + Level 4.2 Stealth
 + Level 0.9 Shields
 + Level 0.9 Unarmed Combat
 + Level 7.1 Spellcasting
 + Level 2.1 Conjurations
 + Level 0.6 Hexes
 + Level 2.1 Summonings
 + Level 0.6 Necromancy
 + Level 2.1 Translocations
 + Level 0.6 Transmutations
 + Level 0.6 Fire Magic
 + Level 0.6 Ice Magic
 + Level 0.6 Air Magic
 + Level 0.6 Earth Magic
 + Level 0.6 Poison Magic
 + Level 1.0 Invocations
 + Level 0.9 Evocations


You had 15 spell levels left.
You knew the following spells:

 Your Spells              Type           Power      Damage    Failure   Level
a - Magic Dart            Conj           36%        1d4       7%          1

Your spell library contained the following spells:

 Spells                   Type           Power      Damage    Failure   Level
 Blink                    Tloc           18%        N/A       10%         2
 Call Imp                 Summ           9%         N/A       10%         2
 Slow                     Hex            20%        N/A       12%         1
 Gell's Gravitas          Tloc           9%         N/A       21%         3
 Lesser Beckoning         Tloc           9%         N/A       21%         3
 Teleport Other           Tloc           9%         N/A       21%         3
 Conjure Flame            Conj/Fire      7%         6-21      26%         3
 Mephitic Cloud           Conj/Pois/Air  7%         N/A       30%         3


Dungeon Overview and Level Annotations

Branches:
Dungeon (3/15)

Altars:

Annotations:
D:3 Grinder


Innate Abilities, Weirdness & Mutations

You have very sharp teeth.
Your uncanny sense of smell can sniff out nearby items.
Your experience applies equally to all skills.


Message History

Aim: a black bear (wandering, hasn't noticed you, 100% to hit)
The magic dart hits the black bear but does no damage.
The black bear growls angrily.
You hear a shout!
You hear a bark!
Grinder comes into view.
It was a potion of degeneration.
There was something very wrong with that liquid.
You feel weakened.
You feel dopey.
You feel clumsy. The black bear barely misses you. The black bear claws you. x2
It was a potion of curing.
You feel better. The black bear closely misses you. The black bear misses you.
The black bear closely misses you.
A quokka comes into view.
The black bear bites you.
The black bear completely misses you. x2
The quokka misses you.
You completely miss the quokka. You bite the quokka, but do no damage.
The black bear closely misses you.
The black bear claws you but does no damage.
The black bear claws you. The quokka misses you.
You barely miss the quokka. Your bite misses the quokka.
The black bear bites you.
The black bear claws you. x2; The quokka bites you.
* * * LOW HITPOINT WARNING * * *
You barely miss the quokka. The quokka misses you.
The black bear barely misses you. The black bear closely misses you.
The black bear barely misses you.
You hit the quokka but do no damage. You punch the quokka, but do no damage.
The quokka bites you but does no damage.
The black bear bites you.
* * * LOW HITPOINT WARNING * * *
The black bear barely misses you. x2
You barely miss the quokka. Your punch misses the quokka.
Your bite misses the quokka. The quokka barely misses you.
The black bear bites you but does no damage.
The black bear closely misses you. The black bear misses you.
As you read the scroll labelled RUCVUT EVI JAT, it crumbles to dust.
It is a scroll of enchant weapon.
Your +0 dagger glows red for a moment.
The quokka closely misses you. The black bear bites you.
* * * LOW HITPOINT WARNING * * *
The black bear claws you but does no damage.
The black bear claws you.
You die...

∆ . #### ...#<..##
# ........####.#
#........@r.#
#.......h####
##........#
..........#####
###...).......###.
.......<..........
##.........#...##.
#...............5
<.......##.##.###.


You could see a black bear and a quokka.

Vanquished Creatures
  2 adders (D:2)
  A worm (D:2)
  A dart slug (D:1)
  3 ball pythons
  2 bats
  An endoplasm (D:2)
  A giant cockroach (D:2)
  3 goblins
  A hobgoblin (D:2)
  2 quokkas (D:2)
  A frilled lizard (D:1)
  4 kobolds
  2 rats (D:1)
24 creatures vanquished.

Notes
Turn   | Place    | Note
-------+----------+-------------------------------------------
     0 | D:1      | NinjaNoafa the Gnoll Hedge Wizard began the quest for the
                  | Orb.
     0 | D:1      | Reached XP level 1. HP: 13/13 MP: 8/8
   871 | D:1      | Reached XP level 2. HP: 8/19 MP: 8/10
  1886 | D:2      | Reached XP level 3. HP: 24/25 MP: 9/11
  2100 | D:2      | Found a faded altar of an unknown god.
  2241 | D:2      | Reached skill level 1 in Invocations
  2534 | D:3      | Noticed a black bear
  2537 | D:3      | Noticed Grinder
  2551 | D:3      | HP: 1/25 [black bear (2)]
  2551 | D:3      | Slain by a black bear

Illustrated notes

Levels and vault maps discovered:
D:1:      dpeg_arrival_arbitrary_a, layout_basic, minmay_bisected
D:2:      layout_basic, shapermc_ecumenical_altar_mp_vishouse
D:3:      layout_rooms, mainiacjoe_overflow_boulevard, lemuel_tele_altar,
          grunt_decor_junction, item_on_display_a, uniq_grinder, uniq_jessica

Skill      XL: |  1  2  3 |
---------------+----------+-----
Conjurations   | 2 |  2.1
Summonings     | 2 |  2.1
Translocations | 2 |  2.1
Invocations    | 1 |  1.0
Fighting       | |  0.9
Short Blades   | |  0.9
Long Blades    | |  0.9
Axes           | |  0.9
Maces & Flails | |  0.9
Polearms       | |  0.9
Staves         | |  0.9
Slings         | |  0.9
Bows           | |  0.9
Crossbows      | |  0.9
Throwing       | |  0.9
Armour         | |  0.9
Dodging        | |  4.5
Stealth        | |  4.2
Shields        | |  0.9
Unarmed Combat | |  0.9
Spellcasting   | |  7.1
Hexes          | |  0.6
Necromancy     | |  0.6
Transmutations | |  0.6
Fire Magic     | |  0.6
Ice Magic      | |  0.6
Air Magic      | |  0.6
Earth Magic    | |  0.6
Poison Magic   | |  0.6
Evocations     | |  0.9

Action                   || total
-------------------------++-------
Melee: Dagger            ||    57
       Bite              ||     5
       Punch             ||     1
Throw: Boomerang         ||     4
 Cast: Magic Dart        ||    67
  Use: Potion            ||     3
       Scroll            ||     1
Armor: Robe              ||    26
Dodge: Dodged            ||    81
